 Dungeon Crawl Stone Soup version 0.23.2-40-g277498a001 (webtiles) character file.

Game seed: 2844057582830344133

375 Descartes the Insei (level 6, 0/30 HPs)
             Began as a Vine Stalker Transmuter on Oct 13, 2019.
             Slain by Pikel
             ... wielding a +2 whip of flaming
              (1 damage)
             ... on level 4 of the Dungeon.
             The game lasted 00:09:59 (3918 turns).

Descartes the Insei (Vine Stalker Transmuter)       Turns: 3918, Time: 00:10:01

Health: 0/30       AC: 11    Str: 14    XL:     6   Next: 72%
Magic:  0/11       EV: 13    Int: 17    God:
Gold:   226        SH:  0    Dex: 20    Spells: 8/11 levels left

rFire    . . .     SeeInvis .     - Unarmed
rCold    . . .     Gourm    .   (no shield)
rNeg     + . .     Faith    .   v - +3 leather armour {rN+}
rPois    .         Spirit   +   c - +1 helmet
rElec    .         Reflect  .   (no cloak)
rCorr    .         Harm     .   (no gloves)
MR       .....                  n - +2 pair of boots
Stlth    +++.......             (no amulet)
HPRegen  0.50/turn              e - +4 ring of intelligence
MPRegen  0.12/turn              q - +5 ring of dexterity

@: no status effects
A: fangs 2, regeneration 1, magic shield, antimagic bite, no potion heal 3, rot
immunity
a: no special abilities


You were on level 4 of the Dungeon.
You were not hungry.

You visited 1 branch of the dungeon, and saw 4 of its levels.
You also visited: Sewer.

You collected 226 gold pieces.

Inventory:

Hand Weapons
 x - a +2 spear of chaos
 y - a +2 dagger of chaos
 E - a cursed -3 broad axe
Missiles
 a - 83 arrows
 b - 63 bolts
 r - 70 stones (quivered)
 s - 56 sling bullets
 t - 5 poisoned needles
 w - 2 tomahawks
 z - 7 needles of confusion
 C - 4 javelins
Armour
 c - a +1 helmet (worn)
 n - a +2 pair of boots (worn)
 v - a +3 leather armour of positive energy (worn)
Jewellery
 e - a +4 ring of intelligence (left hand)
 q - a +5 ring of dexterity (right hand)
Wands
 u - a wand of random effects (10)
Scrolls
 k - 2 scrolls of remove curse {unknown}
 l - 2 scrolls of fog {unknown}
 o - 2 scrolls of teleportation {unknown}
Potions
 g - a potion of flight
 h - 2 potions of curing {unknown}
 i - 2 potions of brilliance
 j - 2 potions of might
 p - a potion of degeneration {unknown}
 A - a potion of mutation {unknown}
 B - a potion of invisibility {unknown}
 D - 3 potions of agility
Comestibles
 d - 12 rations


   Skills:
 + Level 1.8 Fighting
 + Level 1.3 Armour
 + Level 2.3 Dodging
 * Level 3.8 Stealth
 * Level 4.4 Unarmed Combat
 + Level 3.2 Spellcasting
 + Level 2.9 Transmutations


You had 8 spell levels left.
You knew the following spells:

 Your Spells              Type           Power        Failure   Level  Hunger
a - Beastly Appendage     Tmut           ##....       6%          1    None
b - Sticks to Snakes      Tmut           ##......     10%         2    ##.....

Your spell library contained the following spells:

 Spells                   Type           Power        Failure   Level  Hunger
 Spider Form              Tmut/Pois      #.........   34%         3    ###....
 Ice Form                 Ice/Tmut       #.......     75%         4    ####...
 Blade Hands              Tmut           ##........   87%         5    ######.


Dungeon Overview and Level Annotations

Branches:
Dungeon (4/15)
 Temple: D:4-7

Altars:
Xom

Annotations:
D:4 Pikel


Innate Abilities, Weirdness & Mutations

You have extremely sharp teeth.
Your natural rate of healing is unusually fast.
When hurt, damage is shared between your health and your magic reserves.
Your bite disrupts and absorbs the magic of your enemies.
Potions cannot restore your health.
You are immune to rotting.


Message History

The giant cockroach closely misses you. The slave hits you.
Pikel hits you with a +2 whip of flaming.
* * * LOW HITPOINT WARNING * * *
Pikel burns you.
* * * LOW HITPOINT WARNING * * *
The giant cockroach bites you but does no damage.
You hit the giant cockroach but do no damage.
Your bite misses the giant cockroach.
The giant cockroach is moderately wounded.
The leopard gecko hisses angrily.
The slave barely misses you. Pikel closely misses you.
The giant cockroach barely misses you.
You hit the giant cockroach but do no damage.
The giant cockroach is moderately wounded.
The slave hits you but does no damage.
The giant cockroach bites you but does no damage.
Pikel hits you with a +2 whip of flaming.
* * * LOW HITPOINT WARNING * * *
Pikel burns you.
You die...

##. #.....###.# #. .. ...
#.##### #.# #.#### #.. #.#
#.# #.# #..#####.# #.# #.#
#..#.....# #.# #.####
#..#.##### #.###.....
#####..#.# ######.##......
.......<<######.....>.....#.#
.####..#...s@K..?....##..##p#
#..#..###p#.#######..##.#
#.....# #l.... #.p##[#
####..# #.##### #......
#......# #...... #.##.###
#...###.# .##. ##### #.. #
### #


You could see Pikel, a slave, a leopard gecko and a giant cockroach.

Vanquished Creatures
  3 slaves (D:4)
  2 orc priests (D:3)
  An iguana (D:4)
  Ijyb (D:3)
  7 gnolls (D:3)
  4 adders
  6 worms
  A leopard gecko (D:2)
  9 orcs (D:3)
  A ball python (D:1)
  13 bats
  3 giant cockroaches
  9 goblins
  3 hobgoblins
  8 jackals
  9 kobolds
  3 quokkas
  7 frilled lizards
  A leopard gecko skeleton (D:4)
  4 rats
95 creatures vanquished.

Vanquished Creatures (collateral kills)
  A crocodile (Sewer)
1 creature vanquished.

Grand Total: 96 creatures vanquished

Notes
Turn   | Place    | Note
-------+----------+-------------------------------------------
     0 | D:1      | Descartes the Vine Stalker Transmuter began the quest for
                  | the Orb.
     0 | D:1      | Reached XP level 1. HP: 9/9 MP: 4/4
   116 | D:1      | Reached XP level 2. HP: 10/14 MP: 6/6
  1019 | D:2      | Reached skill level 1 in Fighting
  1071 | D:2      | Reached skill level 1 in Stealth
  1078 | D:2      | Reached XP level 3. HP: 18/18 MP: 7/7
  2049 | D:3      | Gained mutation: Your natural rate of healing is unusually
                  | fast. [Vine Stalker growth]
  2049 | D:3      | Reached XP level 4. HP: 15/22 MP: 5/9
  2202 | D:3      | Noticed Ijyb
  2242 | D:3      | Killed Ijyb
  2242 | D:3      | Reached XP level 5. HP: 25/25 MP: 10/10
  2611 | D:3      | Reached skill level 1 in Armour
  2611 | D:3      | Reached skill level 4 in Unarmed Combat
  2679 | D:3      | Found a shimmering altar of Xom.
  2714 | D:3      | Reached XP level 6. HP: 4/30 MP: 9/11
  3444 | D:4      | Learned a level 2 spell: Sticks to Snakes
  3541 | D:4      | Found a glowing drain.
  3606 | Sewer    | Entered a sewer
  3823 | D:4      | Noticed a slave
  3824 | D:4      | Noticed Pikel
  3824 | D:4      | Noticed a slave
  3824 | D:4      | Noticed a slave
  3825 | D:4      | Noticed a slave
  3842 | D:4      | Killed a slave
  3876 | D:4      | Killed a slave
  3894 | D:4      | Killed a slave
  3918 | D:4      | HP: 1/30 [Pikel/+2 whip of flaming (5)]
  3918 | D:4      | Slain by Pikel

Skill      XL: |  1  2  3  4  5 |
---------------+----------------+-----
Fighting       | 1 |  1.8
Stealth        | 1 2 3 |  3.8
Dodging        | 2 |  2.3
Armour         | 1 |  1.3
Unarmed Combat | 4 |  4.4
Spellcasting   | 3 |  3.2
Transmutations | |  2.9

Action                   |  1- 3 |  4- 6 || total
-------------------------+-------+-------++-------
Melee: Unarmed           |   143 |   269 ||   412
       Bite              |    30 |    99 ||   129
       Punch             |       |     8 ||     8
 Cast: Sticks to Snakes  |       |     2 ||     2
  Use: Scroll            |       |     4 ||     4
       Potion            |       |     1 ||     1
 Stab: Sleeping          |     1 |     5 ||     6
       Invisible         |       |     1 ||     1
       Distracted        |       |     1 ||     1
  Eat: Chunk             |     4 |     6 ||    10
Armor: Robe              |    23 |       ||    23
       Ring mail         |    42 |    30 ||    72
       Leather armour    |       |    91 ||    91
Dodge: Dodged            |   129 |   165 ||   294
